AoeStats
← 俣乐

Arabia

507274326Analyzed
2v2 RM · 16d ago on Sep 17, 2026· 44m 45s· 4 players
Game mode
Random Map
Map size
Medium (4 player)
Population
200
Speed
Normal
Resources
Standard
Victory
Conquest
Starting age
Dark Age
Ending age
Imperial Age
RankedLock teamsTeams togetherTeam positionsShared explorationLock speedFull tech treeHidden civsTurbo modeCheats
Victory
Defeat
🇨🇳 Chinese · China
1027
+13
🇦🇺 Persians · Australia
1012
+14
🇨🇳 Spanish · China
966
-14
🇨🇳 Persians · China
959
-13
cjf_1
11:49 Feudal Age
12:43 Double-Bit Axe
14:55 Horse Collar
20:21 Castle Age
22:45 Forging
22:42 Gold Mining
23:13 Husbandry
23:37 Bow Saw
25:55 Wheelbarrow
28:28 Heavy Plow
29:49 Bloodlines
30:25 Pikeman
34:52 Imperial Age
33:07 Squires
38:30 Iron Casting
37:21 Halberdier
38:11 Capped Ram
40:13 Two-Man Saw
40:05 Conscription
bandagedhand
6:24 Loom
16:59 Feudal Age
17:21 Town Watch
17:27 Double-Bit Axe
17:25 Horse Collar
24:28 Castle Age
35:00 Bloodlines
35:37 Light Cavalry
39:46 Imperial Age
38:18 Town Patrol
38:23 Gold Mining
39:05 Fletching
44:27 Kamandaran
俣乐
5:00 Loom
10:40 Feudal Age
11:16 Double-Bit Axe
11:46 Horse Collar
22:24 Gold Mining
27:00 Castle Age
26:06 Bloodlines
26:08 Forging
26:04 Scale Barding Armor
27:35 Husbandry
27:09 Pikeman
28:30 Bow Saw
28:22 Heavy Plow
28:59 Gold Shaft Mining
32:19 Iron Casting
32:05 Chain Barding Armor
34:03 Wheelbarrow
39:41 Imperial Age
39:27 Cavalier
41:12 Blast Furnace
40:48 Plate Barding Armor
41:38 Savar
46:14 Chemistry
y9ccc
8:52 Loom
11:10 Feudal Age
16:07 Double-Bit Axe
19:21 Horse Collar
30:11 Wheelbarrow
32:22 Castle Age
31:13 Bloodlines
34:24 Bow Saw
34:18 Heavy Plow
34:37 Husbandry
35:13 Padded Archer Armor
Connection lost

Rejoining the realm…

Still unreachable

The connection could not be restored.

Session expired

The server has moved on; the page needs a fresh start.